Workbook

Sheet FIN
A1: Nom de cours | B1: Comptez les valeurs uniques de Utilisateur (nom complet) | C1: Pourcentage de Pas commencé | D1: Pourcentage de En cours | E1: Pourcentage de Terminé
A2: Abschreibungen verwalten | B2: 10 | C2: 100.0% | D2: 0.0% | E2: 0.0%
A3: Abschreibungs- und Gutschriftenmanagement | B3: 1 | C3: 100.0% | D3: 0.0% | E3: 0.0%
A4: Accident, LAA, recours | B4: 1 | C4: 100.0% | D4: 0.0% | E4: 0.0%
A5: Alternativmodelle | B5: 1 | C5: 100.0% | D5: 0.0% | E5: 0.0%
A6: Ambulante Leistungen (Zähler und behandlungen) | B6: 1 | C6: 100.0% | D6: 0.0% | E6: 0.0%
A7: Anfrage Medizinischer Bericht für eine Behandlung "Spitalaufenthalt Stationär" | B7: 1 | C7: 100.0% | D7: 0.0% | E7: 0.0%
A8: Antragsmanagement | B8: 1 | C8: 100.0% | D8: 0.0% | E8: 0.0%
A9: Arbeitsanweisungen - Allgemeines | B9: 1 | C9: 100.0% | D9: 0.0% | E9: 0.0%
A10: Arbeitsanweisungen - Anwendung | B10: 1 | C10: 100.0% | D10: 0.0% | E10: 0.0%
A11: Arbeitsanweisungen - Verwaltung | B11: 1 | C11: 100.0% | D11: 0.0% | E11: 0.0%
A12: Archivage de documents | B12: 54 | C12: 59.3% | D12: 7.4% | E12: 33.3%
A13: Archivieren von Dokumenten | B13: 10 | C13: 60.0% | D13: 0.0% | E13: 40.0%
... A120: Zahlersperren verwalten | B120: 10 | C120: 100.0% | D120: 0.0% | E120: 0.0%

Sheet TCD
A1: Étiquettes de lignes | B1: Somme de Comptez les valeurs uniques de Utilisateur (nom complet) | C1: Somme de Pourcentage de Pas commencé | D1: Somme de Pourcentage de En cours | E1: Somme de Pourcentage de Terminé
A2: Accident, LAA, recours | B2: 124 | C2: 0.976 | D2: 0.024 | E2: 0
A3: Alternativmodelle | B3: 162 | C3: 0.84 | D3: 0.093 | E3: 0.068
A4: Ambulante Leistungen (Zähler und behandlungen) | B4: 174 | C4: 0.856 | D4: 0.069 | E4: 0.075
A5: Anfrage Medizinischer Bericht für eine Behandlung "Spitalaufenthalt Stationär" | B5: 61 | C5: 0.869 | D5: 0 | E5: 0.131
A6: Arbeitsanweisungen - Allgemeines | B6: 194 | C6: 0.438 | D6: 0.057 | E6: 0.505
A7: Arbeitsanweisungen - Anwendung | B7: 194 | C7: 0.536 | D7: 0.031 | E7: 0.433
A8: Arbeitsanweisungen - Verwaltung | B8: 194 | C8: 0.5 | D8: 0.046 | E8: 0.454
A9: Archivage de documents | B9: 492 | C9: 0.746 | D9: 0.004 | E9: 0.25
A10: Archivieren von Dokumenten | B10: 194 | C10: 0.418 | D10: 0.026 | E10: 0.557
A11: Assurance invalidité | B11: 104 | C11: 0.962 | D11: 0.039 | E11: 0
A12: Capitaux décès et invalidité | B12: 64 | C12: 0.953 | D12: 0.047 | E12: 0
A13: Connaître les principales fonctionnalités dans Syrius | B13: 492 | C13: 0.372 | D13: 0.041 | E13: 0.587
... A78: Total général | B78: 13906 | C78: 64.505 | D78: 2.552 | E78: 8.952

Sheet PRE
A1: Nom de cours | B1: Comptez les valeurs uniques de Utilisateur (nom complet) | C1: Pourcentage de Pas commencé | D1: Pourcentage de En cours | E1: Pourcentage de Terminé
A2: Accident, LAA, recours | B2: 124 | C2: 0.976 | D2: 0.024 | E2: 0
A3: Alternativmodelle | B3: 162 | C3: 0.84 | D3: 0.093 | E3: 0.068
A4: Ambulante Leistungen (Zähler und behandlungen) | B4: 174 | C4: 0.856 | D4: 0.069 | E4: 0.075
A5: Anfrage Medizinischer Bericht für eine Behandlung "Spitalaufenthalt Stationär" | B5: 61 | C5: 0.869 | D5: 0 | E5: 0.131
A6: Arbeitsanweisungen - Allgemeines | B6: 194 | C6: 0.438 | D6: 0.057 | E6: 0.505
A7: Arbeitsanweisungen - Anwendung | B7: 194 | C7: 0.536 | D7: 0.031 | E7: 0.433
A8: Arbeitsanweisungen - Verwaltung | B8: 194 | C8: 0.5 | D8: 0.046 | E8: 0.454
A9: Archivage de documents | B9: 492 | C9: 0.746 | D9: 0.004 | E9: 0.25
A10: Archivieren von Dokumenten | B10: 194 | C10: 0.418 | D10: 0.026 | E10: 0.557
A11: Assurance invalidité | B11: 104 | C11: 0.962 | D11: 0.039 | E11: 0
A12: Capitaux décès et invalidité | B12: 64 | C12: 0.953 | D12: 0.047 | E12: 0
A13: Connaître les principales fonctionnalités dans Syrius | B13: 492 | C13: 0.372 | D13: 0.041 | E13: 0.587
... A77: VVG Produkte | B77: 168 | C77: 0.911 | D77: 0.048 | E77: 0.042
B80: =SUM(B2:B77) -> 13906

Sheet DonneesFinales
A1: Titre du module | B1: Départements | N1: Taux état de situation | R1: Taux état de situation
N2: PRE | R2: CEM
B3: Tous | C3: PRE | D3: CEM | E3: FIN | F3: INF | G3: RH | H3: COMM | I3: DEV | J3: DG | K3: Audit | L3: Total | M3: DIFF | N3: Pourcentage de Pas commencé | O3: Pourcentage de En cours | P3: Pourcentage de Terminé | R3: Pourcentage de Pas commencé | S3: Pourcentage de En cours | T3: Pourcentage de Terminé
A4: Connaître les principales fonctionnalités dans Syrius | C4: =PRE!$B$13 -> 492 | N4: =PRE!$C$13 -> 0.372 | O4: =PRE!$D$13 -> 0.041 | P4: =PRE!$E$13 -> 0.587 | R4: =PRE!#REF! -> #REF! | S4: =PRE!#REF! -> #REF! | T4: =PRE!#REF! -> #REF!
A5: Die wichtigsten Funktionen in Syrius | C5: =PRE!$B$21 -> 194 | N5: =PRE!$C$21 -> 0.258
A6: Premiers pas dans BSI | C6: =PRE!$B$56 -> 488 | N6: =PRE!$C$56 -> 0.57
A7: Meine ersten Schritte bei BSI | C7: =PRE!$B$52 -> 194 | N7: =PRE!$C$52 -> 0.66
A8: Smartfix - Les fondamentaux
A9: Smartfix - Grundlagen
A10: Gestion des tâches | C10: =PRE!$B$40 -> 492 | N10: =PRE!$C$40 -> 0.547
A11: Verwalten der Aufgaben | C11: =PRE!$B$73 -> 194 | N11: =PRE!$C$73 -> 0.505
A12: Archivage de documents | C12: =PRE!$B$9 -> 492 | N12: =PRE!$C$9 -> 0.746
A13: Archivieren von Dokumenten | C13: =PRE!$B$10 -> 194 | N13: =PRE!$C$10 -> 0.418
A14: Consignes de travail - Généralités | C14: =PRE!$B$14 -> 492 | N14: =PRE!$C$14 -> 0.811
A15: Arbeitsanweisungen - Allgemeines | C15: =PRE!$B$6 -> 194 | N15: =PRE!$C$6 -> 0.438
A16: Consignes de travail - Gestion | C16: =PRE!$B$15 -> 492 | N16: =PRE!$C$15 -> 0.835
A17: Arbeitsanweisungen - Verwaltung | C17: =PRE!$B$8 -> 194 | N17: =PRE!C8 -> 0.5
A18: Gérer les réclamations dans Syrius | C18: =PRE!B36 -> 492 | N18: =PRE!$C$36 -> 0.888
A19: Reklamationsmanagement in Syrius | C19: =PRE!$B$60 -> 194 | N19: =PRE!$C$60 -> 0.696
A20: Contact Management dans BSI | C20: =PRE!B17 -> 430 | N20: =PRE!$C$17 -> 0.823
A21: Kontaktmanagement | C21: =PRE!$B$47 -> 192 | N21: =PRE!C47 -> 0.76
A22: Introduction aux POCO - Partie 1 | C22: =PRE!$B$44 -> 391 | N22: =PRE!C44 -> 0.933
A23: Einführung in die OP - Teil 1 | C23: =PRE!$B$23 -> 185 | N23: =PRE!C23 -> 0.789
A24: Introduction aux POCO - Partie 2 | C24: =PRE!$B$45 -> 2 | N24: =PRE!C45 -> 1
A25: Einführung in die OP - Teil 2
A26: Consignes de travail - Utilisation | C26: =PRE!B16 -> 448 | N26: =PRE!$C$16 -> 0.844
A27: Arbeitsanweisungen - Anwendung | C27: =PRE!$B$7 -> 194 | N27: =PRE!C7 -> 0.536
A28: Prestations - Généralités dans Syrius | C28: =PRE!$B$57 -> 440 | N28: =PRE!C57 -> 0.905
A29: Leistungen - Allgemeines in Syrius | C29: =PRE!$B$48 -> 189 | N29: =PRE!C48 -> 0.545
A30: Factures | C30: =PRE!B27 -> 440 | N30: =PRE!C27 -> 0.941
A31: Rechnungen | C31: =PRE!$B$59 -> 189 | N31: =PRE!C59 -> 0.661
A32: Remboursements, paiements et suspensions | C32: =PRE!$B$61 -> 421 | N32: =PRE!C61 -> 0.967
A33: Rückzahlung, Zahlung und Sistierung | C33: =PRE!$B$63 -> 179 | N33: =PRE!C63 -> 0.905
A34: Produits LCA | C34: =PRE!$B$58 -> 383 | N34: =PRE!C58 -> 0.966
A35: VVG-Produkte | C35: =PRE!$B$77 -> 168 | N35: =PRE!C77 -> 0.911
A36: Modèles Alternatifs | C36: =PRE!$B$53 -> 351 | N36: =PRE!C53 -> 0.977
A37: Alternativmodelle | C37: =PRE!B3 -> 162 | N37: =PRE!C3 -> 0.84
A38: Maternité et stérilité | C38: =PRE!$B$51 -> 335 | N38: =PRE!C51 -> 0.976
A39: Mutterschaft und Sterilität | C39: =PRE!B54 -> 160 | N39: =PRE!C54 -> 0.869
A40: EMS / SAD | C40: =PRE!$B$24 -> 95 | N40: =PRE!C24 -> 0.968
A41: EMS und SAD | C41: =PRE!$B$25 -> 45 | N41: =PRE!C25 -> 0.867
A42: Accident, LAA, recours | C42: =PRE!$B$2 -> 124 | N42: =PRE!C2 -> 0.976
A43: Unfall, UVG und Regress | C43: =PRE!$B$72 -> 67 | N43: =PRE!C72 -> 0.866
A44: Assurance invalidité | C44: =PRE!$B$11 -> 104 | N44: =PRE!C11 -> 0.962
A45: Invalidenversicherung | C45: =PRE!$B$46 -> 53 | N45: =PRE!C46 -> 0.887
A46: Indemnités journalières | C46: =PRE!$B$43 -> 83 | N46: =PRE!C43 -> 0.964
A47: Taggelder | C47: =PRE!$B$69 -> 19 | N47: =PRE!C69 -> 0.842
A48: Capitaux décès et invalidité | C48: =PRE!$B$12 -> 64 | N48: =PRE!C12 -> 0.953
A49: Todesfall- und Invaliditätskapital | C49: =PRE!$B$70 -> 19 | N49: =PRE!C70 -> 0.842
A50: Facture DRG avec un MCD suspect | C50: =PRE!$B$26 -> 82 | N50: =PRE!C26 -> 0.902
A51: DRG-Rechnung mit auffälligem MCD | C51: =PRE!$B$22 -> 30 | N51: =PRE!C22 -> 0.7
A52: Stationnaire et réadaptation | C52: =PRE!$B$68 -> 123 | N52: =PRE!C68 -> 0.968
A53: Stationär und Rehabilitation | C53: =PRE!$B$67 -> 64 | N53: =PRE!C67 -> 0.875
A54: Traiter un cas ambulatoire | C54: =PRE!$B$71 -> 364 | N54: =PRE!C71 -> 0.983
A55: Ambulante Leistungen (Zähler und Behandlungen) | C55: =PRE!B4 -> 174 | N55: =PRE!C4 -> 0.856
A56: SecMed | C56: =PRE!$B$64 -> 136 | N56: =PRE!C64 -> 0.963
A57: SecMed-Archivierung | C57: =PRE!$B$65 -> 80 | N57: =PRE!C65 -> 0.925
A58: Gérer l'analyse du risque | C58: =PRE!$B$30 -> 94 | N58: =PRE!C30 -> 0.957
A59: Risikoanalyse (CAR) | C59: =PRE!$B$62 -> 60 | N59: =PRE!C62 -> 0.933
A60: Gérer des traitements OAMal pour la cellule 71 | C60: =PRE!$B$29 -> 253 | N60: =PRE!C29 -> 0.988
A61: Verwalten von KVV-Behandlungen für die Zelle 71 | C61: =PRE!B75 -> 43 | N61: =PRE!C75 -> 0.953
A62: Gestion des traitements OAMal Art.71 | C62: =PRE!$B$41 -> 74 | N62: =PRE!C41 -> 0.973
A63: Verwalten von KVV 71 Behandlungen | C63: =PRE!B74 -> 34 | N63: =PRE!C75 -> 0.953
A64: Contrôle spéciaux managers | C64: =PRE!$B$18 -> 264 | N64: =PRE!C18 -> 0.958
A65: Spezielle Kontrollen Manager | C65: =PRE!B66 -> 61 | N65: =PRE!C66 -> 0.934
A66: Gestion des signatures | C66: =PRE!$B$39 -> 406 | N66: =PRE!C39 -> 0.926
A67: Verwaltung der Unterschriften | C67: =PRE!B76 -> 188 | N67: =PRE!C76 -> 0.628
A68: Demande de rapport médical pour un traitement "Hospitalisation stationnaire | C68: =PRE!$B$19 -> 84 | N68: =PRE!C19 -> 0.905
A69: Anfrage Medizinischer Bericht für eine Behandlung "Spitalaufenthalt Stationär" | C69: =PRE!$B$5 -> 61 | N69: =PRE!C5 -> 0.869
A70: Les bases de finance dans Syrius | C70: =PRE!$B$49 -> 46 | N70: =PRE!C49 -> 0.978
A71: Die Finanzgrundlagen in Syrius | C71: =PRE!B20 -> 31 | N71: =PRE!C20 -> 0.968
A72: Gérer les avances de commissions (Tutoriel)
A73: Gestion des PoCo - Partie 1 | C73: =PRE!$B$37 -> 228 | N73: =PRE!C37 -> 0.978
A74: OP-Management - Teil 1 | C74: =PRE!B55 -> 48 | N74: =PRE!C55 -> 0.938
A75: Gestion des PoCo - Partie 2 | C75: =PRE!$B$38 -> 19 | N75: =PRE!C38 -> 1
A76: OP-Management - Teil 2
A77: Gérer les encaissements | C77: =PRE!$B$34 -> 10 | N77: =PRE!C34 -> 1
A78: Gérer les paiements | C78: =PRE!$B$35 -> 10 | N78: =PRE!C35 -> 1
A79: Gérer les arrangements de paiements échelonnés | C79: =PRE!$B$31 -> 35 | N79: =PRE!C31 -> 1
A80: Ratenvereinbarungsmanagement
A81: Comptabilité bouclement
A82: Gérer une prime collective (Tutoriel)
A83: Gérer des rappels/sommations pour les fournisseurs/prestataire de soins | C83: =PRE!$B$28 -> 46 | N83: =PRE!C28 -> 0.957
A84: Mahnungsmanagement Leistungserbringer | C84: =PRE!B50 -> 14 | N84: =PRE!C50 -> 1
A85: Gérer les blocages de payeurs | C85: =PRE!$B$32 -> 3 | N85: =PRE!C32 -> 1
A86: Zahlersperren verwalten
A87: Gestion mises à pertes et profit | C87: =PRE!$B$42 -> 7 | N87: =PRE!C42 -> 1
A88: Abschreibungs- und Gutschriftenmanagement
A89: Gérer la mise à perte
A90: Abschreibungen verwalten
A91: Gérer des rappels/sommations cas spéciaux anciens requérant d'asile
A92: Mahnungsmanagement Spezialfälle (swiss Risk & Care)
A93: Echanges ED64A
A94: Austausch DA-64a
A95: Gérer des offres
A96: Offertenmanagement
A97: Gérer des propositions
A98: Antragsmanagement
A99: Introduction à Syrius pour Client & Marché - Les partenaires
... A104: Partnerverwaltung in Syrius
...

Sheet TEST
